 Dungeon Crawl Stone Soup version 0.32-a0-314-g526f7d4993 (webtiles) character file.

Game seed: 7877752575880115234

98 Essalna the Magician (level 4, -3/24 HPs)
             Began as a Deep Elf Earth Elementalist on Feb 16, 2024.
             Slain by a hobgoblin (4 damage)
             ... led by Robin
             ... on level 2 of the Dungeon.
             The game lasted 00:02:07 (1547 turns).

Essalna the Magician (Deep Elf Earth Elementalist)  Turns: 1547, Time: 00:02:08

Health: -3/24      AC:  4    Str:  5    XL:     4   Next: 43%
Magic:  2/12       EV: 11    Int: 22    God:
Gold:   81         SH:  4    Dex: 15    Spells: 10/11 levels left

rFire   . . .        (no weapon)
rCold   . . .        m - +0 buckler
rNeg    . . .        a - +0 robe
rPois   .            (no helmet)
rElec   .            (no cloak)
rCorr   .            l - +1 pair of gloves
SInv    .            (no boots)
Will    .....        (no amulet)
Stlth   ++           (no ring)
HPRegen 0.24/turn    (no ring)
MPRegen 0.13/turn

%: no passive effects
@: lethally poisoned (-3 -> -8)
A: no striking features
a: no special abilities


You were on level 2 of the Dungeon.
You visited 1 branch of the dungeon, and saw 2 of its levels.

You collected 81 gold pieces.

Inventory:

Missiles
 k - a throwing net
Armour
 a - a +0 robe (worn)
 l - a +1 pair of gloves (worn)
 m - a +0 buckler (worn)
Scrolls
 e - 3 scrolls of amnesia {unknown}
 f - a scroll of noise {unknown}
 g - 2 scrolls of identify {unknown}
 j - 2 scrolls of fog {unknown}
Potions
 b - a potion of magic
 c - a potion of heal wounds {unknown}
 d - a potion of brilliance {unknown}
 h - a potion of enlightenment {unknown}
 i - a potion of resistance {unknown}
 n - a potion of curing {unknown}


   Skills:
 + Level 0.1 Fighting
 - Level 2.4 Dodging
 - Level 2.4 Stealth
 + Level 0.1 Shields
 + Level 4.4 Spellcasting
 + Level 2.7 Conjurations
 + Level 4.2 Earth Magic


You had 10 spell levels left.
You knew the following spells:

 Your Spells              Type           Power      Damage    Failure   Level
a - Sandblast             Erth           46%        2d11      3%          1

Your spell library contained the following spells:

 Spells                   Type           Power      Damage    Failure   Level
 Passwall                 Erth           23%        N/A       11%         3
 Stone Arrow              Conj/Erth      40%        3d9       14%         3
 Brom's Barrelling Bould  Conj/Erth      20%        2d4       43%         4
 Petrify                  Alch/Erth      14%        N/A       63%         4


Dungeon Overview and Level Annotations

Branches:
Dungeon (2/15)

Altars:

Annotations:
D:2 Robin


Message History

Aim: Robin, wielding a +1 dagger of venom, wearing a +0 animal skin and wearing a +2 helmet (severely wounded, 87% to hit)
The blast of sand hits Robin.
Robin is almost dead.
You feel sick. The hobgoblin misses you. Robin barely misses you.
You block the goblin's attack.
Casting: Sandblast (safe; 3% risk of failure)
Confirm with . or Enter, or press ? or * to list all spells.
Aiming: Sandblast (safe; 3% risk of failure)
Press: ? - help, Shift-Dir - straight line, f/p - Robin
Aim: Robin, wielding a +1 dagger of venom, wearing a +0 animal skin and wearing a +2 helmet (almost dead, 87% to hit)
The blast of sand hits Robin.
Robin is almost dead.
You feel sick. The hobgoblin hits you.
Robin hits you with a +1 dagger of venom.
You are lethally poisoned!
The goblin hits you but does no damage. The goblin closely misses you.
The hobgoblin barely misses you. Robin barely misses you.
Casting: Sandblast (safe; 3% risk of failure)
Confirm with . or Enter, or press ? or * to list all spells.
Aiming: Sandblast (safe; 3% risk of failure)
Press: ? - help, Shift-Dir - straight line, f/p - Robin
Aim: Robin, wielding a +1 dagger of venom, wearing a +0 animal skin and wearing a +2 helmet (almost dead, 87% to hit)
The blast of sand misses Robin.
* * * LOW HITPOINT WARNING * * *
You feel very sick.
The hobgoblin no longer looks unusually strong.
You block the hobgoblin's attack. The goblin hits you with a +0 dagger.
* * * LOW HITPOINT WARNING * * *
Robin closely misses you.
Casting: Sandblast (safe; 3% risk of failure)
Confirm with . or Enter, or press ? or * to list all spells.
Aiming: Sandblast (safe; 3% risk of failure)
Press: ? - help, Shift-Dir - straight line, f/p - Robin
Aim: Robin, wielding a +1 dagger of venom, wearing a +0 animal skin and wearing a +2 helmet (almost dead, 87% to hit)
The blast of sand misses Robin.
* * * LOW HITPOINT WARNING * * *
You feel very sick.
The goblin no longer looks unusually strong.
The hobgoblin hits you.
You die...

##...#..#..#...#####
#...#...#.#.###....
#...#.#.......#....
#.......###.#.#....
#...#.### #........
#...#.# ##.#..###
#...#.# #..#.###
##.g..# ##.#....
#g@#...# #.#####
....).g###....# #..#
#####.# #.##.# ##.#
♣~. #.# ..# #.## ♣~~
#$# #.## #..# ♣. #.#
#...(##.## ♣♣ .#
#.....## #####...#
..........


You could see Robin, a hobgoblin and a goblin.

Vanquished Creatures
  3 gnolls (D:2)
  A dart slug (D:1)
  4 endoplasms (D:1)
  4 giant cockroaches
  6 hobgoblins
  2 kobolds (D:1)
  A quokka (D:1)
  2 ball pythons (D:1)
  4 bats
  7 goblins
  3 rats
37 creatures vanquished.

Notes
Turn   | Place    | Note
-------+----------+-------------------------------------------
     0 | D:1      | Essalna the Deep Elf Earth Elementalist began the quest for
                  | the Orb.
     0 | D:1      | Reached XP level 1. HP: 10/10 MP: 6/6
    49 | D:1      | Found a faded altar of an unknown god.
   107 | D:1      | Reached XP level 2. HP: 15/15 MP: 5/8
   328 | D:1      | Reached XP level 3. HP: 19/19 MP: 8/10
  1183 | D:2      | Reached XP level 4. HP: 17/24 MP: 7/12
  1536 | D:2      | Noticed Robin
  1547 | D:2      | HP: 1/24 [poisoned by Robin]
  1547 | D:2      | Slain by a hobgoblin

Illustrated notes

Levels and vault maps discovered:
D:1:      dpeg_arrival_connections, layout_basic, shapermc_ecumenical_altar_gd
D:2:      layout_rooms, serial_bayou_crossing, uniq_robin

Skill      XL: |  1  2  3 |
---------------+----------+-----
Conjurations   | 2 |  2.7
Spellcasting   | 4 |  4.4
Earth Magic    | 4 |  4.2
Fighting       | |  0.1
Dodging        | |  2.4
Stealth        | |  2.4
Shields        | |  0.1

Action                     |  1- 3 |  4- 6 || total
---------------------------+-------+-------++-------
  Melee: Unarmed           |     1 |     1 ||     2
   Cast: Sandblast         |    40 |    18 ||    58
 Armour: Robe              |     4 |    13 ||    17
  Dodge: Dodged            |     6 |     7 ||    13
  Block: Buckler           |       |     3 ||     3

Table legend: (Time is in decaauts)
 A = Elapsed time spent in this place.
 B = Non-inter-level travel time spent in this place.
 C = Inter-level travel time spent in this place.
 D = Time resting spent in this place.
 E = Time spent auto-exploring this place.
 F = Levels seen in this place.
 G = Mean time per level.
                   A        B        C        D        E       F      G
               +--------+--------+--------+--------+--------+-----+--------+
         Total |   1575 |   1550 |     25 |      0 |   1314 |   2 |  787.5 |
       Dungeon |   1575 |   1550 |     25 |      0 |   1314 |   2 |  787.5 |
               +--------+--------+--------+--------+--------+-----+--------+

Top non-repeatable levels by time:
     D:1: 1138 daAuts
     D:2: 437 daAuts
